 Dungeon Crawl Stone Soup version 0.32-a0-935-g6cb2a80 (webtiles) character file.

Game seed: 12517062816017583196

56697 Dorkslayer the Cleaver (level 14, -6/119 HPs)
             Began as a Mountain Dwarf Fighter on Apr 14, 2024.
             Was an Initiate of Gozag.
             Collided with a translucent stone wall (10 damage)
             ... after being knocked back by a rakshasa
             ... on level 14 of the Dungeon.
             The game lasted 01:01:33 (16687 turns).

Dorkslayer the Cleaver (Mountain Dwarf Fighter)    Turns: 16687, Time: 01:01:34

Health: -6/119     AC: 16    Str: 34    XL:     14   Next: 43%
Magic:  0/14       EV: 13    Int:  9    God:    Gozag
Gold:   5259       SH:  7    Dex:  9    Spells: 13/13 levels left

rFire   . . .        D - +9 war axe "Hellblazer" {elec, Str+4 Stlth+}
rCold   . . .        S - +2 buckler
rNeg    . . .        P - +0 plate armour of Omadil {+Inv Regen+}
rPois   .            (no helmet)
rElec   .            R - scarf {repulsion}
rCorr   .            o - +0 pair of gloves
SInv    .            (no boots)
Will    +....        d - amulet of guardian spirit Stlth
                     l - +6 ring of strength
HPRegen 1.19/turn    y - +5 ring of evasion
MPRegen 0.14/turn

%: repel missiles, guardian spirit
@: mighty, gold aura
A: runic magic, artefact enchanting
a: Renounce Religion, Evoke Invisibility, Potion Petition, Call Merchant, Bribe
Branch


You were on level 14 of the Dungeon.
You worshipped Gozag.
Gozag was greatly pleased with you.
You visited 3 branches of the dungeon, and saw 17 of its levels.
You also visited: Bailey.

You collected 5898 gold pieces.
You spent 512 gold pieces at shops.
You paid 127 gold pieces to Gozag.

Inventory:

Hand Weapons
 a - a +1 war axe of venom
 j - a +1 heavy trident
 n - a +0 broad axe
 w - the +6 shillelagh "Devastator" {shatter}
   (You found it on level 7 of the Dungeon)
 D - the +9 war axe "Hellblazer" (weapon) {elec, Str+4 Stlth+}
   (You found it on level 13 of the Dungeon)

   Str+4:     It affects your strength (+4).
   Stlth+:    It makes you more stealthy.
 H - a +2 war axe of freezing
Missiles
 s - 21 boomerangs (quivered)
 x - 5 javelins
 B - a throwing net
Armour
 c - a +1 cloak
 o - a +0 pair of gloves (worn)
 A - a +1 cloak
 P - the +0 plate armour of Omadil (worn) {+Inv Regen+}
   (You found it on level 13 of the Dungeon)

   +Inv:      It lets you turn invisible.
   Regen+:    It increases your rate of health regeneration.
 R - a scarf of repulsion (worn)
 S - a +2 buckler (worn)
Jewellery
 d - an amulet of guardian spirit (around neck)
 l - a +6 ring of strength (left hand)
 q - a +4 ring of protection
 y - a +5 ring of evasion (right hand)
 E - a +6 ring of dexterity
 G - a ring of ice
 U - a ring of see invisible
Talismans
 J - the blade talisman of the Iron City of Dis {rElec rF- Str+3 Dex+5}
   (You acquired it in a bailey)

   [blade talisman]

   Str+3:     It affects your strength (+3).
   Dex+5:     It affects your dexterity (+5).
   rF-:       It makes you vulnerable to fire.
   rElec:     It insulates you from electricity.
Wands
 f - a wand of flame (16)
 F - a wand of polymorph (3)
 K - a wand of paralysis (1)
 M - a wand of quicksilver (5)
Scrolls
 e - 4 scrolls of revelation
 i - a scroll of poison
 m - 2 scrolls of fog
 p - 2 scrolls of blinking
 r - 4 scrolls of teleportation
 t - 2 scrolls of amnesia
 O - 2 scrolls of enchant armour
 Q - a scroll of enchant weapon
Potions
 g - a potion of berserk rage
 h - 4 potions of curing
 k - 2 potions of haste
 u - 2 potions of cancellation
 z - a potion of attraction
 C - a potion of lignification
 I - 2 potions of mutation
 V - 2 potions of enlightenment
Miscellaneous
 v - a condenser vane (inert)
 L - a phantom mirror


   Skills:
 + Level 9.8 Fighting
 + Level 12.8(14.7) Axes
 + Level 12.0(14.3) Maces & Flails
 + Level 2.4 Throwing
 + Level 11.4 Armour
 + Level 5.2 Dodging
 + Level 3.2 Stealth
 + Level 7.9 Shields
 * Level 11.7 Evocations
 * Level 6.6 Shapeshifting


You had 13 spell levels left.
You didn't know any spells.
Your spell library contained the following spells:

 Spells                   Type           Power      Damage    Failure   Level
 Blink                    Tloc           0%         N/A       71%         2
 Ensorcelled Hibernation  Hex/Ice        0%         N/A       71%         2
 Lesser Beckoning         Tloc           0%         N/A       71%         2
 Momentum Strike          Conj/Tloc      0%         3d8       71%         2
 Sublimation of Blood     Necr           0%         N/A       71%         2
 Call Canine Familiar     Summ           0%         N/A       90%         3
 Frozen Ramparts          Ice            0%         1d1       90%         3
 Fugue of the Fallen      Necr           0%         N/A       90%         3
 Ozocubu's Armour         Ice            0%         N/A       90%         3
 Passwall                 Erth           0%         N/A       90%         3
 Sigil of Binding         Hex            0%         N/A       90%         3
 Swiftness                Air            0%         N/A       90%         3
 Anguish                  Hex/Necr       0%         N/A       100%        4
 Dimensional Bullseye     Hex/Tloc       0%         N/A       100%        4
 Iskenderun's Mystic Bla Conj/Tloc 0%             2d3        (+2d1     100%        4
 Petrify                  Alch/Erth      0%         N/A       100%        4
 Irradiate                Conj/Alch      0%         3d11      100%        5
 Metabolic Englaciation   Hex/Ice        0%         N/A       100%        5
 Gell's Gavotte           Tloc           0%         2d(11-16) 100%        6
 Manifold Assault         Tloc           0%         N/A       100%        7
 Disjunction              Tloc           0%         N/A       100%        8


Dungeon Overview and Level Annotations

Branches:
Dungeon (14/15)            Temple (1/1) D:7            Lair (0/5) D:8
    Orc (2/2) D:11            Elf (0/3) Orc:2        Bailey (visited)
 Vaults: D:13-14

Altars:
Ashenzari
Cheibriados
Dithmenos
Elyvilon
Fedhas
Gozag
Hepliaklqana
Kikubaaqudgha
Makhleb
Nemelex Xobeh
Okawaru
Qazlal
Ru
Sif Muna
Trog
Uskayaw
Vehumet
Wu Jian
Xom
Yredelemnul
Zin
The Shining One
Beogh

Shops:
D:6 [   Orc:2 :?(?

Portals:
Pandemonium: Orc:2


Innate Abilities, Weirdness & Mutations

Your spellcasting is much less encumbered by armour.
You can use scrolls of enchantment on lesser artefacts.


Message History

You feel very mighty all of a sudden.
The death knight hits you with a +0 battleaxe!
The rakshasa closely misses you. The death knight barely misses you.
The death knight misses you.
You completely miss the death knight.
The death knight is severely wounded.
You slash the death knight!
The death knight reflects your damage back at you!
The rakshasa completely misses you. You block the death knight's attack. x2
You slice the death knight!!
You kill the death knight!
The death knight's corpse shimmers and vanishes!
You hit the death knight.
Lightning courses through the death knight!
The death knight reflects your damage back at you!
* * * LOW HITPOINT WARNING * * *
Your damage is reflected back at you!
* * * LOW HITPOINT WARNING * * *
The rakshasa hits you from afar with a +0 trident!
* * * LOW HITPOINT WARNING * * *
Unknown command.
You feel much better.
The death knight's dark mirror aura disappears.
The death knight closely misses you. You block the rakshasa's attack.
You slash the death knight!
The death knight is almost dead.
You block the death knight's attack.
The rakshasa hits you from afar with a +0 trident!
* * * LOW HITPOINT WARNING * * *
You slash the death knight!
Lightning courses through the death knight!
You kill the death knight!
You block the rakshasa's attack. The rakshasa gestures at you.
The lance of force hits you!!
* * * LOW HITPOINT WARNING * * *
You are knocked back by the lance of force.
You slam into the translucent stone wall!
You die...
Your body crumbles into a pile of gold.

###########################
##..........#####..........##
})..#?#.......#.......#.#..[.
[....#.#.............#.#....=
......#.#...R....)..#.#......
.......#.#.........#.#.......
..!....$#.#.$.....#.#........
.........#.#@....#.#.........
..........#.#...#.#.......... ##
#####?.....#.#.#.#...........
.#########.......................
.###########################....#
.###########################)...#
.##########...............##.)..#
.###########.............##).....
.########..##...........##.).....


You could see a rakshasa.

Vanquished Creatures
  Snorg (Orc:1)
  A hydra (D:14)
  4 centaur warriors
  2 rakshasas (D:14)
  3 death knights (D:14)
  8 two-headed ogres
  2 tengu warriors (D:14)
  8 orc high priests (Orc:2)
  3 skeletal warriors (D:13)
  2 deep elf pyromancers
  An obsidian bat (Orc:1)
  4 necromancers (Orc:1)
  An ugly thing (D:14)
  7 orc knights
  7 orc sorcerers
  3 manticores
  6 cyclopes
  A black mamba (shapeshifter) (D:14)
  A rust devil (Orc:2)
  2 gargoyles
  3 smoke demons (Orc:2)
  5 kobold blastminers
  An orange demon (Orc:2)
  An unseen horror (D:12)
  Jeremiah (D:9)
  Maggie (D:7)
  3 kobold demonologists
  An efreet (D:13)
  3 tengu conjurers
  3 trolls
  2 hornets (D:9)
  A hellwing (Orc:2)
  Grinder (D:3)
  8 slime creatures
  5 centaur simulacra (D:14)
  6 yaks (D:10)
  Sigmund (D:3)
  A vampire (D:10)
  3 wyverns
  An ettin skeleton (Orc:1)
  2 basilisks (shapeshifter) (D:14)
  2 wraiths
  Eustachio (D:5)
  2 basilisks (D:14)
  A human (shapeshifter) (D:13)
  A redback (D:9)
  5 orc skeletons (Orc:1)
  A steam dragon (shapeshifter) (D:14)
  3 steam dragons
  A two-headed ogre zombie (Orc:1)
  2 acid dragons
  A water moccasin (D:5)
  51 orc warriors
  A sky beast (D:5)
  An ice beast (D:8)
  A black bear (shapeshifter) (D:14)
  A laughing skull (D:9)
  4 centaurs
  8 ogres
  The ghost of ooops the Slasher, an amateur CoGl (D:3)
  2 wolves (D:8)
  3 phantoms (D:6)
  A kobold brigand (D:7)
  Blork the orc (D:5)
  4 bullfrogs
  2 gnoll sergeants
  2 scorpions (D:6)
  A cyclops zombie (Orc:1)
  A warg skeleton (Orc:1)
  4 wights
  3 killer bees (D:9)
  5 howler monkeys
  13 electric eels
  8 hounds
  2 jellies (D:5)
  29 orc priests
  3 sleepcaps
  Jessica (D:2)
  Ijyb (D:3)
  Terence (D:3)
  Natasha (thrice) (D:4)
  7 iguanas
  21 orc wizards
  3 ogre zombies (Orc:1)
  9 gnolls
  11 adders
  4 orc zombies (Orc:1)
  2 white imps
  An orc simulacrum (Orc:1)
  2 dart slugs
  2 ribbon worms
  106 orcs
  3 ball pythons
  6 endoplasms
  3 giant cockroaches
  14 goblins
  14 hobgoblins
  7 jackals (D:4)
  2 quokkas
  6 bats
  2 frilled lizards
  7 kobolds
  8 rats
538 creatures vanquished.

Vanquished Creatures (collateral kills)
  A kobold blastminer (Orc:1)
  An orc priest (Orc:2)
  An ogre simulacrum (Orc:1)
3 creatures vanquished.

Grand Total: 541 creatures vanquished

Notes
Turn   | Place    | Note
-------+----------+-------------------------------------------
     0 | D:1      | Dorkslayer the Mountain Dwarf Fighter began the quest for
                  | the Orb.
     0 | D:1      | Reached XP level 1. HP: 19/19 MP: 1/1
   199 | D:1      | Reached XP level 2. HP: 26/26 MP: 2/2
   285 | D:1      | Found a faded altar of an unknown god.
   631 | D:2      | Reached XP level 3. HP: 30/31 MP: 3/3
   662 | D:2      | Noticed Jessica
   672 | D:2      | Killed Jessica
   934 | D:2      | Reached XP level 4. HP: 40/40 MP: 4/4
  1105 | D:2      | Identified the +1 sling of Abeisimu {drain, rPois Will+
                  | Str-4 Dex+5}
  1493 | D:3      | Noticed Grinder
  1503 | D:3      | Killed Grinder
  1504 | D:3      | Reached skill level 1 in Dodging
  1504 | D:3      | Reached XP level 5. HP: 35/46 MP: 5/5
  1552 | D:3      | Found a runed translucent gate.
  1552 | D:3      | Noticed ooops's ghost (amateur CoGl)
  1553 | D:3      | Found a runed translucent gate.
  1554 | D:3      | Found a runed translucent gate.
  1683 | D:3      | Noticed Ijyb
  1695 | D:3      | Killed Ijyb
  1696 | D:3      | Reached XP level 6. HP: 46/52 MP: 6/6
  1902 | D:3      | Noticed Sigmund
  1908 | D:3      | Killed Sigmund
  1944 | D:3      | Noticed Terence
  1960 | D:3      | Killed Terence
  1961 | D:3      | Reached skill level 5 in Axes
  2163 | D:3      | Reached XP level 7. HP: 36/59 MP: 7/7
  2257 | D:3      | Found a shimmering altar of Xom.
  2524 | D:3      | Found a roughly hewn altar of Beogh.
  2590 | D:3      | Killed ooops's ghost
  2591 | D:3      | Reached skill level 5 in Armour
  2876 | D:4      | You fall into a shaft and drop 3 floors!
  2967 | D:5      | Entered Level 5 of the Dungeon
  2990 | D:5      | Reached XP level 8. HP: 35/67 MP: 8/8
  3310 | D:4      | Noticed Natasha
  3316 | D:4      | Killed Natasha
  3831 | D:4      | Noticed Natasha
  3834 | D:4      | Killed Natasha
  4019 | D:5      | Noticed Blork the orc
  4034 | D:5      | Killed Blork the orc
  4123 | D:5      | Reached skill level 5 in Fighting
  4178 | D:5      | Found a sparkling altar of Nemelex Xobeh.
  4303 | D:5      | Noticed Eustachio
  4313 | D:5      | Killed Eustachio
  4578 | D:4      | Noticed Natasha
  4585 | D:4      | Killed Natasha
  4893 | D:6      | Reached XP level 9. HP: 44/74 MP: 5/9
  5279 | D:6      | Found Navuh's Armour Emporium.
  5574 | D:7      | Reached skill level 5 in Evocations
  5657 | D:7      | Found a staircase to the Ecumenical Temple.
  5659 | D:7      | Noticed Maggie
  5672 | D:7      | Killed Maggie
  5691 | Temple   | Entered the Ecumenical Temple
  5768 | Temple   | Became a worshipper of Gozag Ym Sagoz the Greedy
  5769 | Temple   | Upgraded the game from 0.32-a0-933-ga8fa363 to
                  | 0.32-a0-935-g6cb2a80
  5840 | D:7      | Noticed a two-headed ogre
  5842 | D:7      | Noticed a two-headed ogre
  5845 | D:7      | Killed a two-headed ogre
  5845 | D:7      | Noticed a gargoyle
  5846 | D:7      | Reached skill level 10 in Axes
  5854 | D:7      | Killed a two-headed ogre
  5855 | D:7      | Reached XP level 10. HP: 28/83 MP: 3/10
  5855 | D:7      | Killed a gargoyle
  5900 | D:7      | Found the +6 shillelagh "Devastator" {shatter}
  6363 | D:8      | Reached skill level 5 in Shields
  6365 | D:8      | Reached skill level 1 in Throwing
  6372 | D:8      | Found a staircase to the Lair.
  6631 | D:8      | Reached skill level 1 in Maces & Flails
  7194 | D:9      | Reached skill level 5 in Dodging
  7493 | D:9      | Identified the +5 dagger of Eternal War {pain, rC+ rCorr
                  | Dex+4}
  7527 | D:9      | Noticed a two-headed ogre
  7528 | D:9      | a two-headed ogre changed into a redback
  7841 | D:9      | Noticed a cyclops
  7842 | D:9      | Noticed Jeremiah
  7850 | D:9      | Killed a cyclops
  7851 | D:9      | Reached XP level 11. HP: 54/92 MP: 8/11
  7851 | D:9      | Noticed a two-headed ogre
  7854 | D:9      | Killed Jeremiah
  7948 | D:9      | Killed a two-headed ogre
  7989 | D:9      | Got the Almanac of Correspondence
  8291 | D:10     | Entered Level 10 of the Dungeon
  8404 | D:10     | Found a flagged portal.
  8423 | Bailey   | Entered a bailey
  8459 | Bailey   | Reached skill level 5 in Maces & Flails
  8589 | Bailey   | Reached skill level 1 in Stealth
  8699 | Bailey   | Noticed an orc knight
  8707 | Bailey   | Killed an orc knight
  8832 | Bailey   | Acquired the blade talisman of the Iron City of Dis {rElec
                  | rF- Str+3 Dex+5}
  9124 | Bailey   | Found an iron altar of Okawaru.
  9124 | Bailey   | Noticed an orc sorcerer
  9124 | Bailey   | Noticed an orc knight
  9136 | Bailey   | Killed an orc sorcerer
  9152 | Bailey   | Killed an orc knight
  9185 | Bailey   | Acquired 1108 gold pieces
  9433 | D:10     | Noticed a two-headed ogre
  9438 | D:10     | Killed a two-headed ogre
  9439 | D:10     | Reached skill level 1 in Shapeshifting
 10073 | D:11     | Found a staircase to the Orcish Mines.
 10652 | Orc:1    | Entered Level 1 of the Orcish Mines
 10655 | Orc:1    | Found a roughly hewn altar of Beogh.
 10666 | Orc:1    | Reached XP level 12. HP: 101/101 MP: 12/12
 10691 | Orc:1    | Noticed Snorg
 10721 | Orc:1    | Killed Snorg
 11261 | Orc:1    | Noticed a two-headed ogre
 11278 | Orc:1    | Killed a two-headed ogre
 11279 | Orc:1    | Reached skill level 10 in Evocations
 11668 | Orc:2    | Entered Level 2 of the Orcish Mines
 11697 | Orc:2    | Reached skill level 10 in Armour
 12163 | Orc:2    | Paralysed by an orc sorcerer for 2 turns
 12572 | Orc:2    | Found a staircase to the Elven Halls.
 12638 | Orc:2    | Found Omaat's Magic Scroll Shop.
 12651 | Orc:2    | Found Vyereypp's Magic Scroll Boutique.
 12677 | Orc:2    | Reached XP level 13. HP: 28/108 MP: 4/13
 12971 | Orc:2    | Reached skill level 10 in Maces & Flails
 12972 | Orc:2    | Bought a scroll of enchant armour for 97 gold pieces
 12974 | Orc:2    | Bought a scroll of revelation for 127 gold pieces
 12974 | Orc:2    | Bought a scroll of revelation for 127 gold pieces
 12974 | Orc:2    | Bought a scroll of brand weapon for 161 gold pieces
 13103 | Orc:2    | Reached skill level 5 in Shapeshifting
 13247 | Orc:2    | Paralysed by an orc sorcerer for 2 turns
 13561 | Orc:2    | Found Xiycviul's Antique Weapon Emporium.
 13561 | Orc:2    | Found Faam Taf's Book Shoppe.
 13561 | Orc:2    | Found a one-way gate leading to the halls of Pandemonium.
 14565 | D:13     | Identified the +3 spear of Subjectivity {antimagic, rPois
                  | Str+5 Dex-5 Stlth+}
 14860 | D:13     | Identified the +0 plate armour of Omadil {+Inv Regen+}
 14918 | D:13     | Identified the +9 war axe "Hellblazer" {elec, Str+4 Stlth+}
 15621 | D:13     | Reached XP level 14. HP: 118/118 MP: 12/14
 16687 | D:14     | HP: 4/119 [rakshasa/lance of force (26)]
 16687 | D:14     | Collided with a translucent stone wall

Illustrated notes

Levels and vault maps discovered:
D:1:      mrwooster_arrival_arrow, layout_basic,
          chequers_ecumenical_altar_lobes, kennysheep_flooded_box, st_stairs_12
D:2:      layout_loops_ring, uniq_jessica
D:3:      layout_loops_corners, regret_index_xom_buried_treasure,
          biasface_ghost_orc_armoury, uniq_grinder, uniq_sigmund, uniq_ijyb,
          uniq_terence
D:4:      layout_rooms, minmay_pentomino_pile, uniq_natasha
D:5:      layout_basic, mainiacjoe_overflow_24_doors,
          minmay_misc_feat_more_columns, uniq_blork_the_orc, uniq_eustachio
D:6:      layout_loops_ring, serial_shops, kennysheep_mini_moat
D:7:      layout_cave_pools, minmay_temple_entry_ruins, st_stairs_5,
          dilly_guarded_unrand_devastator, uniq_maggie
D:8:      layout_cave_pools, erik_lair_island, chequers_jeans,
          minmay_misc_feat_doors, kennysheep_just_a_vault
D:9:      layout_gridville, minmay_checkerbox, uniq_jeremiah
D:10:     layout_basic, enter_bailey_3
D:11:     layout_basic
D:12:     layout_loops_cross
D:13:     layout_grid_maze, special_room [special_room_orc]
D:14:     regret_index_reflect_refract, layout_irregular_city, david_vaults_2
Temple:   mainiacjoe_temple_cubbyholes
Orc:1:    dreamdust_under_siege, layout_caves, uniq_snorg
Orc:2:    pf_orc_diabolical, layout_diamond_mine

Skill      XL: |  1  2  3  4  5  6  7  8  9 10 11 12 13 14 |
---------------+-------------------------------------------+-----
Axes           | 3 4 5 6 8 10 11 12 | 12.8
Fighting       | 4 5 6 7 8 9 |  9.8
Armour         | 4 5 6 7 9 10 11 | 11.4
Dodging        | 1 2 3 4 5 |  5.2
Evocations     | 2 3 4 6 7 8 10 11 | 11.7
Shields        | 4 5 6 7 |  7.9
Throwing       | 1 2 |  2.4
Maces & Flails | 3 7 9 11 12 | 12.0
Stealth        | 1 2 3 |  3.2
Shapeshifting  | 2 4 6 |  6.6

Action                     |  1- 3 |  4- 6 |  7- 9 | 10-12 | 13-15 || total
---------------------------+-------+-------+-------+-------+-------++-------
  Melee: War axe           |    88 |    97 |   358 |    19 |   179 ||   741
         Shillelagh        |       |       |       |   423 |   206 ||   629
  Throw: Javelin           |       |     4 |     3 |    10 |       ||    17
         Boomerang         |       |       |       |     8 |    13 ||    21
Ability: Begin Untransform |       |       |       |     2 |       ||     2
  Evoke: Wand              |       |     2 |     8 |    61 |     6 ||    77
         Phantom mirror    |       |       |       |     2 |       ||     2
         Condenser vane    |       |       |       |       |     1 ||     1
    Use: Scroll            |       |     4 |    11 |    12 |     6 ||    33
         Potion            |       |       |     5 |     5 |     3 ||    13
   Stab: Distracted        |       |       |       |     7 |     1 ||     8
         Paralysed         |       |       |       |     2 |     2 ||     4
 Armour: Scale mail        |    53 |       |       |       |       ||    53
         Chain mail        |       |    75 |   287 |    18 |       ||   380
         Plate armour      |       |       |       |   235 |   241 ||   476
  Dodge: Dodged            |    38 |    33 |   173 |   206 |   171 ||   621
         Repelled          |       |       |       |       |     5 ||     5
  Block: Buckler           |    18 |    24 |    80 |   106 |    90 ||   318
   Form: Blade             |       |       |       |     2 |       ||     2

Table legend: (Time is in decaauts)
 A = Elapsed time spent in this place.
 B = Non-inter-level travel time spent in this place.
 C = Inter-level travel time spent in this place.
 D = Time resting spent in this place.
 E = Time spent auto-exploring this place.
 F = Levels seen in this place.
 G = Mean time per level.
                   A        B        C        D        E       F      G
               +--------+--------+--------+--------+--------+-----+--------+
         Total |  16652 |  16530 |    122 |   1264 |   8237 |  18 |  925.1 |
       Dungeon |  12658 |  12657 |      1 |    208 |   7570 |  14 |  904.1 |
        Temple |    132 |    132 |      0 |      0 |      0 |   1 |  132.0 |
  Orcish Mines |   3014 |   2894 |    120 |    779 |    528 |   2 | 1507.0 |
        Bailey |    847 |    847 |      0 |    277 |    139 |   1 |  847.0 |
               +--------+--------+--------+--------+--------+-----+--------+

Top non-repeatable levels by time:
   Orc:2: 1963 daAuts
     D:3: 1442 daAuts
    D:13: 1185 daAuts
     D:9: 1130 daAuts
   Orc:1: 1050 daAuts
     D:5: 1038 daAuts
     D:6: 1032 daAuts
    D:14: 885 daAuts
    D:10: 851 daAuts
  Bailey: 847 daAuts
     D:8: 824 daAuts
     D:4: 818 daAuts
    D:12: 762 daAuts
     D:2: 760 daAuts
     D:7: 683 daAuts
